 Dungeon Crawl Stone Soup version 0.22.0-38-g04b72b8 (webtiles) character file.

431 troglodite the Skirmisher (level 6, -2/72 HPs)
             Began as a Demonspawn Berserker on Aug 28, 2018.
             Was a Believer of Trog.
             Killed from afar by Dowan (7 damage)
             ... with a puff of flame
             ... on level 4 of the Dungeon.
             The game lasted 00:08:24 (3110 turns).

troglodite the Skirmisher (Demonspawn Berserker)    Turns: 3110, Time: 00:08:24

Health: -2/72      AC: 10    Str: 23    XL:     6   Next: 66%
Magic:  0/6        EV:  9    Int:  8    God:    Trog [**....]
Gold:   121        SH:  0    Dex: 16    Spells: 5/5 levels left

rFire    . . .     SeeInvis .   a - +0 falchion
rCold    + . .     Gourm    .   (no shield)
rNeg     . . .     Faith    .   f - +0 chain mail
rPois    .         Spirit   +   (no helmet)
rElec    .         Reflect  .   (no cloak)
rCorr    .         Harm     .   (no gloves)
MR       .....     Rnd*Tele +   n - +0 pair of boots
Stlth    ..........             (no amulet)
HPRegen  0.22/turn              k - ring of teleportation (curse)
MPRegen  0.10/turn              (no ring)

@: berserking (expiring), lethally poisoned (-2 -> -3), very quick
A: claws 1, thin skeletal structure 1, cold resistance 1, magic shield
a: Berserk, Trog's Hand, Renounce Religion


You were on level 4 of the Dungeon.
You worshipped Trog.
Trog was pleased with you.
You were very hungry.

You visited 1 branch of the dungeon, and saw 4 of its levels.

You collected 121 gold pieces.

Inventory:

Hand Weapons
 a - a +0 falchion (weapon)
Armour
 f - a +0 chain mail (worn)
 n - a +0 pair of boots (worn)
Jewellery
 k - a cursed ring of teleportation (left claw)
Scrolls
 e - 4 scrolls of identify {unknown}
 g - 2 scrolls of blinking {unknown}
 j - a scroll of amnesia {unknown}
Potions
 b - a potion of magic {unknown}
 d - a potion of degeneration {unknown}
 h - 2 potions of lignification {unknown}
 i - a potion of might {unknown}
 l - 3 potions of heal wounds {unknown}
Comestibles
 c - 6 rations
 m - 3 chunks of flesh


   Skills:
 * Level 4.3 Fighting
 + Level 4.2 Long Blades
 * Level 3.9 Armour
 * Level 2.8 Dodging
 * Level 1.7 Stealth


You had 5 spell levels left.
You didn't know any spells.
Your spell library was empty.

Dungeon Overview and Level Annotations

Branches:
Dungeon (4/15)
 Temple: D:4-7

Altars:
Ashenzari
Ru

Annotations:
D:4 Dowan, Duvessa


Innate Abilities, Weirdness & Mutations

You have sharp fingernails.
You have a somewhat thin skeletal structure. (Dex +2, Stealth)
Your flesh is cold resistant. (rC+)
When hurt, damage is shared between your health and your magic reserves.


Message History

Trog appreciates your killing of a magic user.
You feel sick. The frilled lizard barely misses you.
Unknown command.
Your chain mail prevents you from hitting Duvessa.
Duvessa is moderately wounded.
Unknown command.
You slash Duvessa!
Duvessa is severely wounded.
The frilled lizard closely misses you.
You riposte.
You slash the frilled lizard!
You feel the power of Trog in you as your rage grows.
You kill the frilled lizard!
Trog accepts your kill. Duvessa hits you but does no damage.
You hit Duvessa.
Duvessa is almost dead.
You feel sick. Dowan casts a spell at you. The puff of flame hits you!
You die...

#########
##########........
#...@e............
##..#e............
###......#####...
##.......#
#........#
#........#
#........#
#........#
#.......##


You could see Duvessa and Dowan.

Vanquished Creatures
  Menkaure (D:4)
  A scorpion (D:4)
  2 orc wizards (D:4)
  Natasha (thrice) (D:4)
  4 gnolls (D:3)
  4 adders
  2 worms
  2 dart slugs
  2 leopard geckos (D:3)
  2 orcs
  2 giant cockroaches (D:4)
  5 goblins
  A hobgoblin (D:2)
  6 jackals
  A quokka (D:2)
  2 ball pythons (D:3)
  8 bats
  5 frilled lizards
  5 kobolds
  3 rats
61 creatures vanquished.

Notes
Turn   | Place    | Note
-------+----------+-------------------------------------------
     0 | D:1      | troglodite the Demonspawn Berserker began the quest for the Orb.
     0 | D:1      | Reached XP level 1. HP: 18/18 MP: 1/1
   298 | D:1      | Gained mutation: Your flesh is cold resistant. (rC+) [demonic ancestry]
   298 | D:1      | Reached XP level 2. HP: 22/24 MP: 2/2
   489 | D:1      | You fall through a shaft!
   879 | D:2      | Gained mutation: You have a somewhat thin skeletal structure. (Dex +2, Stealth) [demonic ancestry]
   879 | D:2      | Reached XP level 3. HP: 29/29 MP: 3/3
  1099 | D:2      | Found a shattered altar of Ashenzari.
  1103 | D:2      | Saw a vision of the Shoals and the Spider Nest.
  1103 | D:2      | Noticed a hornet
  1103 | D:2      | Noticed a redback
  1103 | D:2      | Noticed a wolf spider
  1103 | D:2      | Noticed a hornet
  1103 | D:2      | Noticed a scorpion
  1103 | D:2      | Noticed a merfolk
  1103 | D:2      | Noticed a merfolk
  1103 | D:2      | Noticed a merfolk
  1103 | D:2      | Noticed a hippogriff
  1103 | D:2      | Noticed a redback
  1104 | D:2      | Noticed a merfolk siren
  1104 | D:2      | Noticed a hippogriff
  1181 | D:2      | Found a sacrificial altar of Ru.
  1619 | D:3      | Reached XP level 4. HP: 36/36 MP: 4/4
  1657 | D:3      | Reached ** piety under Trog
  2453 | D:4      | Noticed Natasha
  2470 | D:4      | Killed Natasha
  2470 | D:4      | Gained mutation: When hurt, damage is shared between your health and your magic reserves. [demonic ancestry]
  2470 | D:4      | Reached XP level 5. HP: 24/42 MP: 5/5
  2667 | D:4      | Reached skill level 1 in Stealth
  2944 | D:4      | Noticed Natasha
  2953 | D:4      | Killed Natasha
  2965 | D:4      | Gained mutation: You have sharp fingernails. [demonic ancestry]
  2965 | D:4      | Reached XP level 6. HP: 36/48 MP: 3/6
  3034 | D:4      | Noticed Natasha
  3047 | D:4      | Killed Natasha
  3086 | D:4      | Noticed Menkaure
  3090 | D:4      | Noticed Dowan
  3091 | D:4      | Noticed Duvessa
  3107 | D:4      | Killed Menkaure
  3110 | D:4      | Killed from afar by Dowan

Skill      XL: |  1  2  3  4  5  6 |
---------------+-------------------+-----
Armour         | 2 3 |  3.9
Long Blades    | 3 4 |  4.2
Dodging        | 2 |  2.8
Stealth        | 1 |  1.7
Fighting       | 4 |  4.3

Action                   |  1- 3 |  4- 6 || total
-------------------------+-------+-------++-------
Melee: Falchion          |   113 |   142 ||   255
Invok: Berserk           |       |     5 ||     5
       Trog's Hand       |       |     1 ||     1
  Eat: Chunk             |     2 |     9 ||    11
Armor: Chain mail        |    88 |    76 ||   164
Dodge: Dodged            |    77 |    52 ||   129
       Rpst.: Falchion   |    22 |    13 ||    35
